 Dungeon Crawl Stone Soup version 0.29.0-4-gdea44cf6ec (webtiles) character file.

Game seed: 7904880714995914322

11 qw the Chopper (level 2, -2/17 HPs)
             Began as a Tengu Warper on Aug 28, 2022.
             Slain by a kobold
             ... wielding a +0 whip
              (3 damage)
             ... on level 1 of the Dungeon.
             The game lasted 00:00:00 (120 turns).

qw the Chopper (Tengu Warper)                        Turns: 120, Time: 00:00:01

Health: -2/17      AC:  3    Str: 11    XL:     2   Next: 25%
Magic:  6/6        EV: 11    Int: 13    God:
Gold:   0          SH:  0    Dex: 13    Spells: 5/5 levels left

rFire   . . .      SeeInvis .   a - +0 hand axe
rCold   . . .      Faith    .   (no shield)
rNeg    . . .      Spirit   .   b - +0 leather armour
rPois   .          Reflect  .   (helmet restricted)
rElec   .          Harm     .   (no cloak)
rCorr   .          Rampage  .   (no gloves)
Will    .....                   (boots unavailable)
Stlth   +.........              (no amulet)
HPRegen 0.05/turn               (no ring)
MPRegen 0.10/turn               (no ring)

@: no status effects
A: beak, talons 3
a: no special abilities


You were on level 1 of the Dungeon.
You visited 1 branch of the dungeon, and saw 1 of its levels.


Innate Abilities, Weirdness & Mutations

You have a beak for a mouth.
You have claws for feet.


   Skills:
 - Level 2.0 Fighting
 + Level 3.2 Axes
 - Level 1.0 Throwing
 - Level 1.1 Armour
 - Level 2.1 Dodging
 - Level 2.0 Spellcasting
 - Level 2.4 Translocations


You had 5 spell levels left.
You didn't know any spells.
Your spell library contained the following spells:

 Spells                   Type           Power      Damage    Failure   Level
 Blink                    Tloc           14%        N/A       19%         2
 Gell's Gravitas          Tloc           7%         N/A       36%         3
 Lesser Beckoning         Tloc           7%         N/A       36%         3
 Teleport Other           Tloc           7%         N/A       36%         3
 Manifold Assault         Tloc           7%         N/A       98%         5

Inventory:

Hand Weapons
 a - a +0 hand axe (weapon)
Armour
 b - a +0 leather armour (worn)
Scrolls
 c - a scroll of blinking
 e - a scroll of identify {unknown}

Dungeon Overview and Level Annotations

Branches:
Dungeon (1/15)

Altars:


Message History

You barely miss the hobgoblin. The jackal closely misses you.
The hobgoblin misses you.
A kobold comes into view. It is wielding a +0 whip.
You barely miss the jackal. Your kick misses the jackal. You hit the quokka.
You hit the hobgoblin. The quokka barely misses you.
The hobgoblin closely misses you.
The jackal bites you but does no damage.
The quokka closely misses you. The hobgoblin misses you.
You hit the quokka.
You kill the quokka!
You closely miss the jackal. You closely miss the hobgoblin.
The hobgoblin hits you. The jackal bites you.
You have reached level 2!
You hit the hobgoblin.
You kill the hobgoblin!
You hit the jackal but do no damage. You closely miss the jackal.
The jackal barely misses you. The jackal closely misses you.
The jackal bites you but does no damage.
Your Axes skill increases to level 3!
You hit the jackal. You claw the jackal, but do no damage.
You peck the jackal, but do no damage.
The jackal is almost dead.
You barely miss the endoplasm. You hit the jackal.
The jackal barely misses you. x2; The endoplasm closely misses you.
The jackal barely misses you.
You hit the jackal but do no damage. You punch the jackal.
You kill the jackal!
You hit the jackal.
You kill the jackal!
You hit the endoplasm but do no damage. The endoplasm freezes you.
You are frozen.
You hit the endoplasm.
The endoplasm is moderately wounded.
The endoplasm barely misses you.
You barely miss the endoplasm. You claw the endoplasm.
You kill the endoplasm!
You closely miss the kobold. The kobold hits you but does no damage.
The kobold hits you with a +0 whip.
You die...

#..........##<#.......#
#..........##...####...#
#..........#..### ..
##.........#..#
##...##...##..
#######..#.##
##.##########
#...........
####@%...... #K.......
........# ##........
#........ .........
#......#. ..!....#


You could see a kobold.

Vanquished Creatures
  2 bats (D:1)
  An endoplasm (D:1)
  A hobgoblin (D:1)
  3 jackals (D:1)
  A quokka (D:1)
  3 rats (D:1)
11 creatures vanquished.

Notes
Turn   | Place    | Note
-------+----------+-------------------------------------------
     0 | D:1      | qw the Tengu Warper began the quest for the Orb.
     0 | D:1      | Reached XP level 1. HP: 12/12 MP: 4/4
     0 | D:1      | 0 ||| qw: Version: 0.1-a-89-g26bdef1
     0 | D:1      | 0 ||| qw: Game counter: 2634
     0 | D:1      | 0 ||| qw: Always use a shield: true
     0 | D:1      | 0 ||| qw: God list: Okawaru
     0 | D:1      | 0 ||| qw: Allow faded altars: false
     0 | D:1      | 0 ||| qw: Do Orc after D:15 true
     0 | D:1      | 0 ||| qw: Do second Lair branch before Depths: true
     0 | D:1      | 0 ||| qw: Lair rune preference: random
     0 | D:1      | 0 ||| qw: Plans: Normal
     0 | D:1      | 0 ||| PLANNING D:1-11
    98 | D:1      | 98 ||| Stepping ~*~*~tactically~*~*~ (stealth).
   100 | D:1      | 100 ||| Stepping ~*~*~tactically~*~*~ (stealth).
   101 | D:1      | 101 ||| Stepping ~*~*~tactically~*~*~ (stealth).
   115 | D:1      | HP: 2/12 [jackal (3)]
   116 | D:1      | Reached XP level 2. HP: 3/17 MP: 6/6
   117 | D:1      | Reached skill level 3 in Axes
   120 | D:1      | Slain by a kobold

Levels and vault maps discovered:
D:1:      dpeg_arrival_round_a, layout_rooms, chequers_ecumenical_altar_twisty

Skill      XL: |  1  2 |
---------------+-------+-----
Axes           | 3 |  3.2
Fighting       | |  2.0
Throwing       | |  1.0
Armour         | |  1.1
Dodging        | |  2.1
Spellcasting   | |  2.0
Translocations | |  2.4

Action                   || total
-------------------------++-------
Melee: Hand axe          ||    13
       Kick              ||     5
       Peck              ||     2
       Punch             ||     1
Throw: Boomerang         ||     7
Armor: Leather armour    ||     5
Dodge: Dodged            ||    15

Table legend:
 A = Non-vault XP
 B = Vault XP
 C = Vault XP percentage of total XP
 D = Non-vault monster count
 E = Vault monster count
 F = Vault count percentage of total count
                 A         B        C        D         E       F
            +---------+---------+-------+---------+---------+-------
      Total |      18 |       0 |   0.0 |      11 |       0 |   0.0
            +---------+---------+-------+---------+---------+-------
        D:1 |      18 |       0 |   0.0 |      11 |       0 |   0.0
            +---------+---------+-------+---------+---------+-------
